 Dungeon Crawl Stone Soup version 0.25-a0-719-gde951dce62 (webtiles) character file.

Game seed: 5615081049727480802, levelgen mode: deterministic

872 kae the Ruffian (level 7, -2/52 HPs)
             Began as a Green Draconian Transmuter on Apr 6, 2020.
             Slain by an ice beast (6 damage)
             ... on level 5 of the Dungeon.
             The game lasted 00:04:38 (5071 turns).

kae the Ruffian (Green Draconian Transmuter)        Turns: 5071, Time: 00:04:39

Health: -2/52      AC:  2    Str: 14    XL:     7   Next: 74%
Magic:  11/13      EV: 19    Int: 13    God:
Gold:   154        SH:  0    Dex: 17    Spells: 4/14 levels left

rFire    . . .     SeeInvis .     - Unarmed
rCold    . . .     Gourm    .   (shield currently unavailable)
rNeg     . . .     Faith    .   (armour unavailable)
rPois    x         Spirit   .   (helmet currently unavailable)
rElec    .         Reflect  .   (cloak currently unavailable)
rCorr    .         Harm     .   (gloves currently unavailable)
MR       .....                  (boots currently unavailable)
Stlth    ++........             (no amulet)
HPRegen  0.17/turn              (no ring)
MPRegen  0.13/turn              (no ring)

@: spider-form
A: tiny, (breathe noxious fumes), unfitting armour, AC +6
a: End Transformation


You were on level 5 of the Dungeon.
You were hungry.
You were a venomous arachnid creature.
You visited 1 branch of the dungeon, and saw 5 of its levels.

You collected 154 gold pieces.

Inventory:

Hand Weapons
 g - a +2 whip of freezing (melded)
Missiles
 a - 44 arrows
Wands
 j - a wand of polymorph (17)
Scrolls
 b - a scroll of noise
 e - 3 scrolls of remove curse
 f - 3 scrolls of identify
 h - a scroll of fog {unknown}
 i - a scroll of amnesia
 k - 3 scrolls of enchant weapon
 n - a scroll of random uselessness
Potions
 d - a potion of magic
 l - a potion of flight
 m - a potion of lignification
Comestibles
 c - 10 rations


   Skills:
 - Level 1.1 Fighting
 - Level 1.7 Dodging
 * Level 6.9 Unarmed Combat
 + Level 4.4 Spellcasting
 + Level 4.7 Transmutations


You had 4 spell levels left.
You knew the following spells:

 Your Spells              Type           Power        Failure   Level  Hunger
a - Beastly Appendage     Tmut           ###...       10%         1    None
b - Sticks to Snakes      Tmut           ###.....     13%         2    ##.....
c - Spider Form           Tmut/Pois      #.........   43%         3    ###....
d - Ice Form              Ice/Tmut       #.......     78%         4    ####...

Your spell library contained the following spells:

 Spells                   Type           Power        Failure   Level  Hunger
 Blade Hands              Tmut           ###.......   80%         5    ######.


Dungeon Overview and Level Annotations

Branches:
Dungeon (5/15)
 Temple: D:4-7

Altars:
Xom
Yredelemnul
The Shining One


Innate Abilities, Weirdness & Mutations

((You can breathe blasts of noxious fumes.))
((Your lurid green scales are hard. (AC +6)))
You cannot fit into any form of body armour.
((Your system is resistant to poisons. (rPois)))
((You are cold-blooded and may be slowed by cold attacks.))


Message History

The ice beast is moderately wounded.
The ice beast hits you. The ice beast freezes you!
You hit the ice beast but do no damage.
The ice beast is moderately wounded.
You have got your breath back.
The ice beast hits you.
* * * LOW HITPOINT WARNING * * *
The ice beast freezes you.
* * * LOW HITPOINT WARNING * * *
You hit the ice beast but do no damage.
The ice beast is moderately wounded.
The ice beast misses you.
You bite the ice beast!
The ice beast is severely wounded.
You hit the ice beast.
The ice beast is poisoned.
The ice beast is severely wounded.
The ice beast hits you.
* * * LOW HITPOINT WARNING * * *
The ice beast freezes you.
You die...

#.#########
#.# #.# #.#
#####.#
#.....#
#.#####
#.########
#..sY....#
########.#


You could see an ice beast.

Vanquished Creatures
  A hippogriff (D:5)
  An ogre (D:4)
  2 crimson imps
  2 orc priests (D:3)
  A hound (D:4)
  Natasha (twice) (D:2)
  3 orc wizards
  2 iguanas
  2 worker ants
  Robin (D:2)
  6 adders
  A howler monkey skeleton (D:4)
  2 oozes
  3 worms
  A dart slug (D:2)
  5 leopard geckos
  13 orcs
  A ball python (D:3)
  9 bats
  7 giant cockroaches
  17 goblins
  8 hobgoblins
  9 jackals
  A quokka (D:3)
  3 frilled lizards
  2 goblin skeletons (D:4)
  A goblin zombie (D:4)
  3 hobgoblin zombies (D:4)
  8 kobolds
  3 kobold skeletons (D:4)
  A leopard gecko skeleton (D:4)
  An orc skeleton (D:4)
  An orc zombie (D:4)
  9 rats
132 creatures vanquished.

Vanquished Creatures (collateral kills)
  Natasha (D:2)
  A kobold (D:1)
2 creatures vanquished.

Grand Total: 134 creatures vanquished

Notes
Turn   | Place    | Note
-------+----------+-------------------------------------------
     0 | D:1      | kae the Draconian Transmuter began the quest for the Orb.
     0 | D:1      | Reached XP level 1. HP: 16/16 MP: 3/3
    48 | D:1      | Reached XP level 2. HP: 3/23 MP: 3/5
   437 | D:1      | Learned a level 2 spell: Sticks to Snakes
   903 | D:1      | Reached XP level 3. HP: 25/28 MP: 4/6
   908 | D:1      | Learned a level 3 spell: Spider Form
  1086 | D:2      | Noticed Natasha
  1096 | D:2      | Killed Natasha
  1096 | D:2      | Reached skill level 4 in Unarmed Combat
  1248 | D:2      | Noticed Natasha
  1258 | D:2      | Killed Natasha
  1258 | D:2      | Reached XP level 4. HP: 13/35 MP: 4/7
  1405 | D:2      | Noticed Natasha
  1417 | D:2      | Killed Natasha
  1650 | D:2      | Noticed Robin
  1666 | D:2      | Killed Robin
  1794 | D:2      | Reached XP level 5. HP: 37/40 MP: 7/9
  2453 | D:2      | Reached skill level 5 in Unarmed Combat
  2843 | D:3      | Reached XP level 6. HP: 8/47 MP: 6/10
  3351 | D:3      | Learned a level 4 spell: Ice Form
  3652 | D:4      | Found a glowing golden altar of the Shining One.
  4012 | D:4      | Reached skill level 6 in Unarmed Combat
  4012 | D:4      | Your scales start taking on a lurid green colour.
  4012 | D:4      | Reached XP level 7. HP: 48/52 MP: 4/12
  4012 | D:4      | Gained mutation: Your system is resistant to poisons.
                  | (rPois) [Green Draconian growth]
  4159 | D:4      | Found a shimmering altar of Xom.
  4159 | D:4      | Found a basalt altar of Yredelemnul.
  4531 | D:5      | Entered Level 5 of the Dungeon
  4658 | D:5      | Noticed a hippogriff
  4693 | D:5      | Killed a hippogriff
  5071 | D:5      | Slain by an ice beast

Levels and vault maps discovered:
D:1:      roderic_dead_forest, layout_rooms
D:2:      layout_loops_ring, uniq_robin, uniq_natasha
D:3:      layout_rooms
D:4:      layout_gridville, gammafunk_temple_overflow_elements, first_ration,
          nicolae_tso_besieged_by_evil
D:5:      layout_loops_ring, solitary_fountain, corexii_item_surrounded_by_moat,
          minmay_misc_feat_iff, uniq_crazy_yiuf_cottage, uniq_ijyb

Skill      XL: |  1  2  3  4  5  6  7 |
---------------+----------------------+-----
Unarmed Combat | 4 5 6 |  6.9
Transmutations | 3 4 |  4.7
Spellcasting   | 3 4 |  4.4
Fighting       | |  1.1
Dodging        | |  1.7

Action                   |  1- 3 |  4- 6 |  7- 9 || total
-------------------------+-------+-------+-------++-------
Melee: Unarmed           |    75 |    68 |    18 ||   161
       Kick              |    16 |     3 |       ||    19
       Tailslap          |     6 |    22 |     8 ||    36
       Whip              |    24 |   221 |    54 ||   299
       Headbutt          |     1 |     9 |     1 ||    11
       Punch             |       |     3 |     1 ||     4
 Cast: Beastly Appendage |    18 |    21 |     2 ||    41
       Sticks to Snakes  |     2 |     3 |       ||     5
       Spider Form       |       |     8 |     3 ||    11
 Abil: Breathe Noxious F |       |       |     5 ||     5
  Use: Scroll            |       |     8 |     2 ||    10
       Potion            |       |     1 |       ||     1
 Stab: Sleeping          |       |     1 |       ||     1
       Confused          |       |       |     3 ||     3
  Eat: Chunk             |     1 |    11 |     1 ||    13
       Ration            |       |       |     1 ||     1
Armor: Skin              |    38 |    90 |    14 ||   142
Dodge: Dodged            |    78 |   212 |    42 ||   332

Table legend:
 A = Non-vault XP
 B = Vault XP
 C = Vault XP percentage of total XP
 D = Non-vault monster count
 E = Vault monster count
 F = Vault count percentage of total count
                 A         B        C        D         E       F
            +---------+---------+-------+---------+---------+-------
      Total |    1120 |     127 |  10.2 |     111 |      23 |  17.2
            +---------+---------+-------+---------+---------+-------
        D:1 |      44 |       0 |   0.0 |      26 |       0 |   0.0
        D:2 |     148 |      68 |  31.5 |      33 |      11 |  25.0
        D:3 |     280 |       0 |   0.0 |      36 |       0 |   0.0
        D:4 |     250 |      59 |  19.1 |       8 |      12 |  60.0
        D:5 |     398 |       0 |   0.0 |       8 |       0 |   0.0
            +---------+---------+-------+---------+---------+-------
